 Dungeon Crawl Stone Soup version 0.22.1-1-ga44c0e5 (webtiles) character file.

3505 Fang the Cleaver (level 10, -5/94 HPs)
             Began as a Gargoyle Berserker on Nov 1, 2018.
             Was a High Priest of Trog.
             Slain by a two-headed ogre
             ... wielding a +0 giant club
              (11 damage)
             ... on level 8 of the Dungeon.
             The game lasted 00:09:30 (7036 turns).

Fang the Cleaver (Gargoyle Berserker)               Turns: 7036, Time: 00:09:30

Health: -5/94      AC: 20    Str: 33    XL:     10   Next: 7%
Magic:  10/10      EV: 13    Int:  7    God:    Trog [*****.]
Gold:   427        SH:  0    Dex: 11    Spells: 9/9 levels left

rFire    . . .     SeeInvis .   s - +1 war axe
rCold    . . .     Gourm    .   (no shield)
rNeg     + . .     Faith    .   j - +3 leather armour of the Failed Coup {rElec}
rPois    ∞         Spirit   .   q - +0 helmet
rElec    +         Reflect  .   (no cloak)
rCorr    .         Harm     .   (no gloves)
MR       .....     Rnd*Tele +   (no boots)
Stlth    ..........             (no amulet)
HPRegen  0.25/turn              o - +5 ring of protection
MPRegen  0.12/turn              w - +3 ring of strength

@: berserking, very quick
A: agile 1, negative energy resistance 1, electricity resistance, teleportitis
1, unbreathing, petrification resistance, rot immunity, AC +7
a: Berserk, Trog's Hand, Brothers in Arms, Renounce Religion


You were on level 8 of the Dungeon.
You worshipped Trog.
Trog was extremely pleased with you.
You were hungry.

You visited 2 branches of the dungeon, and saw 9 of its levels.

You collected 427 gold pieces.

Inventory:

Hand Weapons
 s - a +1 war axe (weapon)
Armour
 j - the +3 leather armour of the Failed Coup (worn) {rElec}
   (You found it on level 7 of the Dungeon)

   It insulates you from electricity.
 m - a +0 plate armour
 q - a +0 helmet (worn)
Jewellery
 o - a +5 ring of protection (left hand)
 w - a +3 ring of strength (right hand)
Wands
 n - a wand of iceblast (5)
 r - a wand of flame (21)
 t - a wand of polymorph (11)
Scrolls
 e - 2 scrolls of fog
 g - 2 scrolls of teleportation
 i - 9 scrolls of remove curse
 l - 4 scrolls of identify
Potions
 a - a potion of lignification
 b - 2 potions of magic
 d - a potion of ambrosia
 f - 7 potions of heal wounds
 h - 4 potions of curing
 k - 3 potions of cancellation
 p - a potion of brilliance
 u - a potion of haste {unknown}
 x - a potion of might {unknown}
Comestibles
 c - 11 rations
 v - a chunk of flesh


   Skills:
 + Level 7.5 Fighting
 + Level 9.4 Axes
 + Level 6.7 Armour
 + Level 4.6 Dodging
 + Level 1.8 Stealth


You had 9 spell levels left.
You didn't know any spells.
Your spell library was empty.

Dungeon Overview and Level Annotations

Branches:
Dungeon (8/15)             Temple (1/1) D:7
   Lair: D:8-11

Altars:
Ashenzari
Elyvilon
Fedhas
Gozag
Hepliaklqana
Kikubaaqudgha
Makhleb
Nemelex Xobeh
Okawaru
Qazlal
Ru
Uskayaw
Wu Jian
Xom
Zin
The Shining One


Innate Abilities, Weirdness & Mutations

You are resistant to torment.
Your stone body is resilient. (AC +7)
You are immune to poison.
You resist negative energy. (rN+)
You are resistant to electric shocks. (rElec)
You can survive without breathing.
You are immune to petrification.
You are immune to rotting.
You are agile. (Dex +2)
You are occasionally teleported next to monsters.


Message History

You are too injured to fight recklessly!
You are too injured to fight recklessly!
You are too injured to fight recklessly!
You are too injured to fight recklessly!
You are too injured to fight recklessly!
You are too injured to fight recklessly!
You are too injured to fight recklessly!
You are too injured to fight recklessly!
You hit the two-headed ogre.
The two-headed ogre is heavily wounded.
The two-headed ogre barely misses you.
The two-headed ogre hits you with a giant spiked club!
* * * LOW HITPOINT WARNING * * *
You hit the two-headed ogre.
The two-headed ogre is heavily wounded.
A red film seems to cover your vision as you go berserk!
You feel yourself moving faster!
You feel mighty!
You are feeling hungry.
The two-headed ogre hits you with a giant club!
You die...

....(....÷...........#...#....#..
...(.....#...........#.>.#....#..
..(.(....#.##+###...########..#..
..##+#####.##..####'##...###'###.
..#........#.........#.........#.
..#........'.........#.........#.
..#........#.........#.........#.
..################'#############.
#..............O@................
#................................
#................................
#................................
#................................
###'#####+#......#+####'######...
#........#......#...........#...
#........#.....>#....)......#...
#........#......#...........#...


You could see a two-headed ogre.

Vanquished Creatures
  Pikel (D:8)
  Prince Ribbit (D:8)
  A hippogriff (D:7)
  A wyvern (D:8)
  A hungry ghost (D:7)
  A water moccasin (D:6)
  2 orc warriors
  A sky beast (D:8)
  4 slaves (D:8)
  2 phantoms
  2 ogres
  A centaur (D:7)
  A crocodile (D:8)
  A big kobold (D:8)
  A bullfrog (D:6)
  A howler monkey (D:5)
  4 crimson imps
  2 jellies
  7 hounds
  A quasit (D:7)
  2 orc priests
  2 bullfrog skeletons
  2 iguanas (D:8)
  8 orc wizards
  9 worker ants
  2 hound skeletons
  Robin (D:4)
  4 gnolls
  7 adders
  3 river rats (D:6)
  A shadow imp (D:7)
  An ooze (D:6)
  An adder zombie (D:7)
  2 adder skeletons
  6 worms
  2 dart slugs
  8 leopard geckos
  27 orcs
  9 bats
  8 giant cockroaches
  21 goblins
  5 hobgoblins
  2 jackals (D:8)
  11 kobolds
  3 quokkas (D:8)
  A ball python (D:2)
  A ball python skeleton (D:4)
  9 frilled lizards
  A giant cockroach zombie (D:4)
  A quokka zombie (D:8)
  4 rats
  2 plants (D:6)
202 creatures vanquished.

Vanquished Creatures (others)
  A plant (D:6)
1 creature vanquished.

Grand Total: 203 creatures vanquished

Notes
Turn   | Place    | Note
-------+----------+-------------------------------------------
     0 | D:1      | Fang the Gargoyle Berserker began the quest for the Orb.
     0 | D:1      | Reached XP level 1. HP: 14/14 MP: 1/1
   100 | D:1      | Reached XP level 2. HP: 16/19 MP: 2/2
   143 | D:1      | Reached skill level 3 in Axes
   392 | D:1      | Reached XP level 3. HP: 24/24 MP: 3/3
   649 | D:2      | Reached ** piety under Trog
   835 | D:2      | Reached XP level 4. HP: 27/29 MP: 4/4
  1002 | D:2      | Found a stormy altar of Qazlal.
  1606 | D:3      | Reached XP level 5. HP: 14/33 MP: 5/5
  2365 | D:4      | Noticed Robin
  2372 | D:4      | Reached *** piety under Trog
  2380 | D:4      | Noticed a phantom
  2386 | D:3      | Reached skill level 4 in Axes
  2616 | D:4      | Killed Robin
  2644 | D:3      | Killed a phantom
  2644 | D:3      | Reached XP level 6. HP: 34/40 MP: 6/6
  2987 | D:4      | Reached skill level 5 in Fighting
  2987 | D:4      | Reached XP level 7. HP: 34/44 MP: 7/7
  3399 | D:5      | Entered Level 5 of the Dungeon
  3432 | D:5      | Gained mutation: You are occasionally teleported next to
                  | monsters. [potion of mutation]
  3432 | D:5      | Gained mutation: You are agile. (Dex +2) [potion of
                  | mutation]
  3481 | D:5      | Reached skill level 5 in Axes
  3526 | D:5      | Found a shattered altar of Ashenzari.
  3762 | D:5      | Reached skill level 5 in Armour
  3862 | D:5      | Reached skill level 1 in Stealth
  3862 | D:5      | Reached XP level 8. HP: 41/49 MP: 8/8
  4011 | D:5      | Found a shimmering altar of Xom.
  4113 | D:6      | Found a white marble altar of Elyvilon.
  4190 | D:6      | Reached skill level 6 in Axes
  4203 | D:6      | Reached **** piety under Trog
  4855 | D:6      | Found a burning altar of Makhleb.
  5197 | D:7      | Found a staircase to the Ecumenical Temple.
  5212 | Temple   | Entered the Ecumenical Temple
  5291 | D:7      | Noticed a hippogriff
  5301 | D:7      | Killed a hippogriff
  5301 | D:7      | Reached skill level 7 in Axes
  5301 | D:7      | Reached XP level 9. HP: 41/55 MP: 9/9
  5521 | D:7      | Got a smoking leather armour
  5532 | D:7      | Identified the +3 leather armour of the Failed Coup {rElec}
                  | (You found it on level 7 of the Dungeon)
  5824 | D:7      | Reached skill level 8 in Axes
  5961 | D:7      | Found a hide-covered altar of Uskayaw.
  5961 | D:7      | Found a blossoming altar of Fedhas.
  5962 | D:7      | Found a hazy altar of Hepliaklqana.
  6029 | D:7      | Found an opulent altar of Gozag.
  6029 | D:7      | Found a sacrificial altar of Ru.
  6086 | D:8      | Noticed Prince Ribbit
  6105 | D:8      | Killed Prince Ribbit
  6156 | D:8      | Noticed Pikel
  6170 | D:8      | Killed Pikel
  6467 | D:8      | Reached skill level 9 in Axes
  6648 | D:8      | Reached ***** piety under Trog
  6648 | D:8      | Reached XP level 10. HP: 42/63 MP: 10/10
  7022 | D:8      | Noticed a two-headed ogre
  7034 | D:8      | HP: 3/63 [two-headed ogre/giant club (17)]
  7036 | D:8      | Slain by a two-headed ogre

Skill      XL: |  1  2  3  4  5  6  7  8  9 |
---------------+----------------------------+-----
Axes           | 3 4 5 7 9 |  9.4
Dodging        | 2 3 4 |  4.6
Fighting       | 4 5 6 7 |  7.5
Armour         | 3 4 5 6 |  6.7
Stealth        | 1 |  1.8

Action                   |  1- 3 |  4- 6 |  7- 9 | 10-12 || total
-------------------------+-------+-------+-------+-------++-------
Melee: Hand axe          |   134 |   210 |       |       ||   344
       War axe           |       |    28 |   445 |    32 ||   505
Invok: Berserk           |       |     4 |     3 |     1 ||     8
  Use: Scroll            |       |       |    19 |       ||    19
       Potion            |       |       |     1 |       ||     1
 Stab: Sleeping          |       |       |     1 |       ||     1
  Eat: Chunk             |       |    10 |    14 |     2 ||    26
       Ration            |       |       |     1 |       ||     1
Armor: Animal skin       |    12 |       |       |       ||    12
       Ring mail         |    47 |   146 |   154 |       ||   347
       Plate armour      |       |       |   111 |       ||   111
       Skin              |       |       |     1 |       ||     1
       Leather armour    |       |       |    77 |    16 ||    93
Dodge: Dodged            |    80 |   157 |   304 |    27 ||   568
